 Dungeon Crawl Stone Soup version 0.30.0-29-ga12c61a403 (webtiles) character file.

Game seed: 5455130521415854592

20 AIAndy the Charlatan (level 2, 0/19 HPs)
             Began as a Demonspawn Wanderer on June 6, 2023.
             Was a Plaything of Xom.
             Succumbed to an adder's poison
             ... on level 3 of the Dungeon.
             The game lasted 00:08:33 (1033 turns).

AIAndy the Charlatan (Demonspawn Wanderer)          Turns: 1033, Time: 00:08:33

Health: 0/19       AC:  2    Str: 13    XL:     2   Next: 58%
Magic:  1/4        EV: 11    Int: 13    God:    Xom [..*...]
Gold:   125        SH:  0    Dex: 11    Spells: 3/4 levels left

rFire   x . .        a - +0 club
rCold   + . .        (no shield)
rNeg    . . .        d - +0 robe
rPois   .            (helmet restricted)
rElec   .            (no cloak)
rCorr   .            (no gloves)
SInv    .            (no boots)
Will    .....        (no amulet)
Stlth   +            j - ring of ice
HPRegen 0.23/turn    (no ring)
MPRegen 0.09/turn

%: no passive effects
@: lethally poisoned (0 -> -7), very slightly contaminated
A: horns 1
a: Renounce Religion


You were on level 3 of the Dungeon.
You worshipped Xom.
You were a toy of Xom.
You visited 1 branch of the dungeon, and saw 3 of its levels.

You collected 125 gold pieces.

Inventory:

Hand Weapons
 a - a +0 club (weapon)
 g - a +0 whip
Armour
 d - a +0 robe (worn)
Jewellery
 j - a ring of ice (left hand)
Wands
 e - a wand of charming (16)
Scrolls
 b - a scroll of silence
 f - a scroll of enchant weapon {unknown}
 i - a scroll of blinking {unknown}
 k - a scroll of fear {unknown}
Potions
 c - a potion of lignification
 h - a potion of curing {unknown}


   Skills:
 - Level 0.1 Fighting
 + Level 1.5 Spellcasting
 + Level 0.6 Conjurations
 + Level 2.2 Fire Magic
 - Level 2.4 Invocations
 - Level 5.1 Evocations


You had 3 spell levels left.
You knew the following spells:

 Your Spells              Type           Power      Damage    Failure   Level
a - Foxfire               Conj/Fire      16%        2x1d4     16%         1

Your spell library contained the following spells:

 Spells                   Type           Power      Damage    Failure   Level
 Volatile Blastmotes      Fire/Tloc      6%         2d10      45%         3
 Summon Ice Beast         Ice/Summ       1%         N/A       95%         4
 Summon Mana Viper        Hex/Summ       0%         N/A       100%        5
 Monstrous Menagerie      Summ           0%         N/A       100%        7


Dungeon Overview and Level Annotations

Branches:
Dungeon (3/15)

Altars:
Xom

Shops:
D:1 (

Annotations:
D:2 Sigmund


Innate Abilities, Weirdness & Mutations

You have a pair of small horns on your head.


Message History

The foxfire hits the adder.
The adder is moderately wounded.
The adder hisses angrily.
The foxfire hits the adder.
The adder is heavily wounded.
The adder barely misses you.
You closely miss the adder.
The adder is heavily wounded.
The adder misses you.
Casting: Foxfire (safe; 16% risk of failure)
Confirm with . or Enter, or press ? or * to list all spells.
You conjure some foxfire!
The adder bites you. x2
You closely miss the adder.
The adder is heavily wounded.
The foxfire hits the adder.
The adder is heavily wounded.
The adder bites you.
Your foxfire dissipates!
The adder barely misses you. The adder attacks as you move away!
The adder misses you.
Casting: Foxfire (safe; 16% risk of failure)
Confirm with . or Enter, or press ? or * to list all spells.
You miscast Foxfire.
You are very lightly contaminated with residual magic.
Nothing appears to happen.
The adder bites you.
Casting: Foxfire (safe; 16% risk of failure)
Confirm with . or Enter, or press ? or * to list all spells.
You miscast Foxfire.
Nothing appears to happen.
The adder bites you.
* * * LOW HITPOINT WARNING * * *
You miss the adder. Your headbutt misses the adder.
The adder is heavily wounded.
The adder bites you.
* * * LOW HITPOINT WARNING * * *
You are lethally poisoned!
The adder poisons you! The adder bites you.
* * * LOW HITPOINT WARNING * * *
You hit the adder. Your headbutt misses the adder.
The adder is severely wounded.
You die...
Xom guffaws!

.# ### #.# #.. ####
#### #.# #.# #.. ..#
#.# ##.# #.# #.# #.#
##..###.# #.####.#
##.......# #......#
#..#.....#####......#
#.@###.#...#.###..#
#S## #.#.#.#.# ##..
#.# #...#...# ###
#...# ######### #####


You could see an adder.

Vanquished Creatures
  A dart slug (D:2)
  2 ball pythons (D:1)
  2 bats (D:1)
  A giant cockroach (D:1)
  2 hobgoblins
  A jackal (D:1)
  2 quokkas (D:1)
  3 frilled lizards (D:1)
  A kobold (D:1)
  2 rats
17 creatures vanquished.

Vanquished Creatures (others)
  28 foxfires
28 creatures vanquished.

Grand Total: 45 creatures vanquished

Notes
Turn   | Place    | Note
-------+----------+-------------------------------------------
     0 | D:1      | AIAndy the Demonspawn Wanderer began the quest for the Orb.
     0 | D:1      | AIAndy set off with the following items: a +0 club, a
                  | scroll of silence, a potion of lignification, a +0 robe, a
                  | wand of charming (16); and the following spell memorised:
                  | Foxfire; and the following spells available to memorise:
                  | Volatile Blastmotes.
     0 | D:1      | Reached XP level 1. HP: 13/13 MP: 2/2
   253 | D:1      | Noticed a +0 bardiche
   254 | D:1      | Found Urexkyum's Weapon Emporium.
   286 | D:1      | Noticed a +0 bardiche
   364 | D:1      | Gained mutation: You have a pair of small horns on your
                  | head. [demonic ancestry]
   364 | D:1      | Reached XP level 2. HP: 19/19 MP: 1/3
   815 | D:2      | Noticed Sigmund
   865 | D:3      | Found a faded altar of an unknown god.
   873 | D:3      | Prayed at the altar of an unknown god.
   873 | D:3      | Became a worshipper of Xom the Psychopath
  1033 | D:3      | Succumbed to an adder's poison

Illustrated notes

Levels and vault maps discovered:
D:1:      co_arrival_two_rings, layout_rooms, serial_shops,
          nicolae_shop_mannequins, minmay_misc_feat_chi, minmay_ruptured
D:2:      layout_basic, corexii_hall_statues_l, st_stairs_9,
          chequers_hall_statues_corner_a, uniq_sigmund
D:3:      layout_basic, ebering_ghost_reflecting_pool,
          shapermc_ecumenical_altar_totnotflames, cheibrodos_sewer_entry_bend,
          hex_tiny, bh_walls_and_bars, uniq_robin

Skill      XL: |  1 |
---------------+----+-----
Fire Magic     | 2 |  2.2
Fighting       | |  0.1
Spellcasting   | |  1.5
Conjurations   | |  0.6
Invocations    | |  2.4
Evocations     | |  5.1

Action                     || total
---------------------------++-------
  Melee: Club              ||    33
   Cast: Foxfire           ||    16
 Armour: Robe              ||    11
  Dodge: Dodged            ||    27
